 Dungeon Crawl Stone Soup version 0.25-a0-1137-g7f6bfe439b (webtiles) character file.

Game seed: 2489123343383456609, levelgen mode: deterministic

6847 MisterFreud the Carver (level 11, 0/72 HPs)
             Began as an Octopode Gladiator on May 23, 2020.
             Was a Priest of Cheibriados.
             Slain by a yak (11 damage)
             ... on level 9 of the Dungeon.
             The game lasted 00:15:19 (9679 turns).

MisterFreud the Carver (Octopode Gladiator)         Turns: 9679, Time: 00:15:19

Health: 0/72       AC:  5    Str: 23    XL:     11   Next: 6%
Magic:  10/15      EV: 19    Int: 21    God:    Cheibriados [***...]
Gold:   401        SH: 12    Dex: 21    Spells: 10/10 levels left

rFire    . . .     SeeInvis .   a - +0 long sword
rCold    + . .     Gourm    .   A - +0 kite shield
rNeg     . . .     Faith    .   b - +0 hat
rPois    .         Spirit   .   (no amulet)
rElec    .         Reflect  .   o - ring of protection from cold
rCorr    .         Harm     .   q - +4 ring of protection
MR       .....                  w - ring of stealth
Stlth    +++++.....             L - ring of stealth
HPRegen  0.22/turn              (no ring)
MPRegen  0.14/turn              (no ring)
                                (no ring)
                                (no ring)

@: very slow
A: almost no armour, stealthy swim, amphibious, 8 rings, constrict 8, camouflage
1, gelatinous body 1
a: Bend Time, Temporal Distortion, Renounce Religion


You were on level 9 of the Dungeon.
You worshipped Cheibriados.
Cheibriados was most pleased with you.
You were not hungry.

You visited 2 branches of the dungeon, and saw 10 of its levels.

You collected 500 gold pieces.
You spent 99 gold pieces at shops.

Inventory:

Hand Weapons
 a - a +0 long sword (weapon)
Missiles
 c - 3 throwing nets
 i - 37 poisoned darts (quivered)
 s - 13 boomerangs
 z - 3 silver boomerangs
Armour
 b - a +0 hat (worn)
 A - a +0 kite shield (worn)
Jewellery
 o - a ring of protection from cold (left tentacle)
 q - a +4 ring of protection (right tentacle)
 w - a ring of stealth (on tentacle)
 L - a ring of stealth (on tentacle)
Wands
 x - a wand of polymorph (6)
 y - a wand of flame (15)
 C - a wand of disintegration (7)
 I - a wand of paralysis (7)
 J - a wand of clouds (5)
 K - a wand of iceblast (10)
Scrolls
 g - 2 scrolls of remove curse
 h - 2 scrolls of identify
 l - a scroll of fog {unknown}
 m - a scroll of teleportation {unknown}
 p - a scroll of enchant armour {unknown}
 r - 2 scrolls of fear
 B - a scroll of amnesia
 G - 2 scrolls of enchant weapon
 H - a scroll of immolation
Potions
 e - a potion of lignification
 f - 6 potions of ambrosia
 j - 5 potions of curing
 k - a potion of magic
 n - a potion of flight
 t - a potion of brilliance
 u - 2 potions of heal wounds
 D - a potion of cancellation
 F - a potion of degeneration
Miscellaneous
 E - a tin of tremorstones (3/3)
Comestibles
 d - 17 rations
 v - 3 chunks of flesh


   Skills:
 - Level 6.0 Fighting
 - Level 10.0 Long Blades
 - Level 2.0 Throwing
 - Level 8.0 Dodging
 + Level 8.3 Shields
 + Level 5.8 Invocations


You had 10 spell levels left.
You didn't know any spells.
Your spell library contained the following spells:

 Spells                   Type           Power        Failure   Level  Hunger
 Animate Skeleton         Necr           N/A          38%         1    ##.....
 Apportation              Tloc           #.....       38%         1    ##.....
 Corona                   Hex            #......      38%         1    ##.....
 Summon Small Mammal      Summ           #...         38%         1    ##.....


Dungeon Overview and Level Annotations

Branches:
Dungeon (9/15)             Temple (1/1) D:6            Lair (0/6) D:9
    Orc: D:9-12

Altars:
Cheibriados
Ru
Trog
Uskayaw
Wu Jian
Xom
Yredelemnul

Shops:
D:5 (   D:8 *

Portals:
Abyss: D:3

Annotations:
D:3 2 transporters, Nuz's ghost, weakling DEFE


Innate Abilities, Weirdness & Mutations

You cannot wear most types of armour.
You are very stealthy in the water. (Stealth+)
You are amphibious.
You can wear up to eight rings at the same time.
You can use your tentacles to constrict eight enemies at once.
Your skin changes colour to match your surroundings (Stealth+).
Your rubbery body absorbs attacks. (AC +1, EV +1)


Message History

You hit the yak. You squeeze the yak!
The yak is moderately wounded.
The yak completely misses you.
You can feel time thicken for a moment.
You feel somewhat more hungry.
You can no longer inflict damage on those overly hasty.
Cheibriados lowers the support of your attributes as your movement quickens.
The yak gores you. The yak misses you.
Unknown command.
Unknown command.
You slash the yak!
You kill the yak!
Cheibriados appreciates the change of pace.
The yak gores you but does no damage. The yak gores you!
Unknown command.
You hit the yak. You squeeze the yak!
The yak is almost dead.
The yak gores you!
* * * LOW HITPOINT WARNING * * *
The yak gores you!
You die...

# ..#### ... ##.#....#
...... .((#%...#
....%.#
.((....#....$..#
#.(...##.....##z
.##..(..............
#.....(Y%.......##....
#..Y@........#.>...
#####..........>..
######...........
................#
.......#........#####
.....................
.......#.........###
.............<.....#
.......#........##...


You could see 2 yaks.

Vanquished Creatures
  Pikel (D:4)
  Joseph (D:7)
  A troll (D:9)
  Grinder (D:5)
  Prince Ribbit (D:6)
  2 hippogriffs
  Sigmund (D:3)
  3 yaks (D:9)
  Grum (D:8)
  Menkaure (D:5)
  A water moccasin (D:8)
  Duvessa (D:7)
  4 orc warriors
  A slave (D:4)
  An ice beast (D:7)
  2 ogres
  A black bear (D:4)
  4 phantoms
  2 wolves (D:8)
  3 centaurs (D:5)
  6 bullfrogs
  Dowan (D:7)
  A wyvern zombie (D:7)
  A water moccasin zombie (D:8)
  A scorpion (D:7)
  A wyvern skeleton (D:7)
  3 killer bees (D:7)
  2 howler monkeys
  3 wights (D:8)
  3 crimson imps
  A bullfrog zombie (D:5)
  A gnoll shaman (D:6)
  5 hounds
  12 orc priests
  A bullfrog skeleton (D:7)
  A centaur skeleton (D:5)
  A jelly (D:8)
  12 orc wizards
  Crazy Yiuf (D:6)
  Jessica (D:3)
  2 iguanas
  8 worker ants
  A hound skeleton (D:5)
  3 gnolls (D:6)
  5 adders
  A shadow imp (D:6)
  2 oozes
  An adder zombie (D:6)
  2 adder skeletons (D:4)
  4 worms
  3 dart slugs
  A leopard gecko (D:6)
  50 orcs
  A ball python (D:3)
  2 bats (D:1)
  A giant cockroach (D:1)
  4 goblins
  3 hobgoblins (D:3)
  10 jackals
  5 quokkas
  7 frilled lizards
  4 kobolds
  A quokka skeleton (D:4)
  9 rats
221 creatures vanquished.

Notes
Turn   | Place    | Note
-------+----------+-------------------------------------------
     0 | D:1      | MisterFreud the Octopode Gladiator began the quest for the
                  | Orb.
     0 | D:1      | Reached XP level 1. HP: 14/14 MP: 1/1
   119 | D:1      | Reached XP level 2. HP: 16/20 MP: 2/2
   915 | D:2      | Reached XP level 3. HP: 26/26 MP: 3/3
  1145 | D:2      | Noticed a moth of wrath
  1148 | D:2      | Found a bloodstained altar of Trog.
  1700 | D:2      | Reached XP level 4. HP: 33/33 MP: 4/4
  1864 | D:3      | Found a transporter.
  1880 | D:3      | Reached skill level 4 in Long Blades
  2085 | D:3      | Noticed Nuz's ghost (weakling DEFE)
  2098 | D:3      | Found a transporter.
  2201 | D:3      | Found a one-way gate to the infinite horrors of the Abyss.
  2221 | D:3      | Noticed Sigmund
  2227 | D:3      | Killed Sigmund
  2227 | D:3      | Reached skill level 5 in Long Blades
  2227 | D:3      | Reached XP level 5. HP: 37/37 MP: 5/5
  2227 | D:3      | Reached XP level 6. HP: 43/43 MP: 6/6
  2575 | D:3      | Noticed Jessica
  2577 | D:3      | Killed Jessica
  2577 | D:3      | Reached skill level 6 in Long Blades
  2765 | D:4      | Reached XP level 7. HP: 22/48 MP: 7/7
  3163 | D:4      | Reached skill level 5 in Dodging
  3554 | D:4      | Noticed Pikel
  3581 | D:4      | Killed Pikel
  3581 | D:4      | Reached XP level 8. HP: 32/54 MP: 8/8
  4049 | D:5      | Entered Level 5 of the Dungeon
  4057 | D:5      | Noticed Menkaure
  4069 | D:5      | Noticed Grinder
  4078 | D:5      | Killed Menkaure
  4092 | D:5      | Paralysed by Grinder for 2 turns
  4216 | D:5      | Killed Grinder
  4216 | D:5      | Reached skill level 5 in Fighting
  4519 | D:5      | Reached skill level 7 in Long Blades
  4640 | D:5      | Reached XP level 9. HP: 35/62 MP: 9/9
  4840 | D:5      | Found Tyacerefu's Antique Weapon Emporium.
  5191 | D:4      | Reached skill level 8 in Long Blades
  6087 | D:6      | Reached skill level 9 in Long Blades
  6362 | D:6      | Found a staircase to the Ecumenical Temple.
  6380 | Temple   | Entered the Ecumenical Temple
  6399 | Temple   | Became a worshipper of Cheibriados the Contemplative
  6548 | D:6      | Noticed Prince Ribbit
  6562 | D:6      | Killed Prince Ribbit
  6562 | D:6      | Reached skill level 10 in Long Blades
  6767 | D:6      | Reached skill level 1 in Shields
  6788 | D:6      | Found a runed translucent door.
  6789 | D:6      | Noticed Crazy Yiuf
  6800 | D:6      | Killed Crazy Yiuf
  7288 | D:7      | Reached XP level 10. HP: 61/68 MP: 10/10
  7377 | D:7      | Noticed Dowan
  7378 | D:7      | Noticed Duvessa
  7381 | D:7      | Reached * piety under Cheibriados
  7391 | D:7      | Killed Duvessa
  7408 | D:7      | Killed Dowan
  7521 | D:7      | Noticed Joseph
  7535 | D:7      | Killed Joseph
  7535 | D:7      | Reached skill level 5 in Shields
  7566 | D:7      | Found a sacrificial altar of Ru.
  7657 | D:7      | Reached ** piety under Cheibriados
  7915 | D:7      | Reached skill level 1 in Invocations
  8527 | D:8      | Found Mihileav's Assorted Antiques.
  8533 | D:8      | Bought a scroll labeled WUFUNUSM VIMANE for 33 gold pieces
  8533 | D:8      | Bought a scroll labeled VONULA WUWIREUTA for 33 gold pieces
  8533 | D:8      | Bought a scroll labeled MUTO KITUALUTU for 33 gold pieces
  8568 | D:8      | Reached *** piety under Cheibriados
  9235 | D:8      | Noticed Grum
  9241 | D:8      | Killed Grum
  9355 | D:8      | Identified the cursed +0 halberd of Fragile Peace {flame,
                  | rF+ MR+ Str-5}
  9585 | D:9      | Found a staircase to the Lair.
  9589 | D:9      | Reached **** piety under Cheibriados
  9601 | D:9      | Reached skill level 5 in Invocations
  9657 | D:9      | Reached XP level 11. HP: 67/72 MP: 15/15
  9679 | D:9      | Slain by a yak

Illustrated notes

Levels and vault maps discovered:
D:1:      grunt_arrival_crossed_arrows, layout_loops_ring
D:2:      minmay_door_path, layout_basic, tgw_trog
D:3:      layout_basic, gammafunk_ghost_abyssal_escape,
          small_statue_intersection, uniq_sigmund, uniq_jessica
D:4:      black_bear_nest_1, layout_loops_corners, minmay_bent, uniq_pikel
D:5:      layout_rooms, serial_shops, shop, first_ration, uniq_grinder,
          uniq_menkaure
D:6:      layout_basic, minmay_temple_entry_poolview,
          kennysheep_opposing_triangles, uniq_prince_ribbit1,
          uniq_crazy_yiuf_cottage
D:7:      layout_loops_cross, basic_altar, uniq_duvessa, uniq_joseph
D:8:      layout_basic, serial_shops, shop, uniq_grum
D:9:      minmay_goldmine, layout_rooms, lair_entry_dummy, serial_shops, shop
Temple:   minmay_crystal_snake_temple

Skill      XL: |  1  2  3  4  5  6  7  8  9 10 |
---------------+-------------------------------+-----
Fighting       | 3 4 5 6 |  6.0
Long Blades    | 5 6 7 10 | 10.0
Dodging        | 4 7 8 |  8.0
Shields        | 3 8 |  8.3
Invocations    | 5 |  5.8
Throwing       | |  2.0

Action                   |  1- 3 |  4- 6 |  7- 9 | 10-12 || total
-------------------------+-------+-------+-------+-------++-------
Melee: Long sword        |    44 |    54 |   250 |   225 ||   573
       Constrict         |    15 |    20 |    54 |    51 ||   140
       Tentacles         |     8 |    12 |    68 |    89 ||   177
Throw: Dart              |       |       |    17 |    12 ||    29
Invok: Slouch            |       |       |       |     1 ||     1
Evoke: Wand              |       |       |     1 |       ||     1
  Use: Scroll            |     4 |     1 |     4 |     6 ||    15
       Potion            |       |       |     1 |       ||     1
 Stab: Sleeping          |     9 |     3 |     7 |    12 ||    31
       Distracted        |       |       |       |     1 ||     1
  Eat: Chunk             |     2 |     4 |    15 |     4 ||    25
Armor: Skin              |     3 |     5 |    40 |    29 ||    77
Dodge: Dodged            |    32 |    25 |   193 |   113 ||   363
Block: Kite shield       |       |       |       |   121 ||   121
       Rpst.: Long sword |     3 |    12 |    62 |    23 ||   100

Table legend:
 A = Non-vault XP
 B = Vault XP
 C = Vault XP percentage of total XP
 D = Non-vault monster count
 E = Vault monster count
 F = Vault count percentage of total count
                 A         B        C        D         E       F
            +---------+---------+-------+---------+---------+-------
      Total |    6522 |    3260 |  33.3 |     190 |      30 |  13.6
            +---------+---------+-------+---------+---------+-------
        D:1 |      33 |       0 |   0.0 |      16 |       0 |   0.0
        D:2 |      24 |      68 |  73.9 |       7 |       8 |  53.3
        D:3 |     110 |     260 |  70.3 |      22 |       2 |   8.3
        D:4 |     212 |     896 |  80.9 |      10 |       7 |  41.2
        D:5 |    1232 |     437 |  26.2 |      29 |       2 |   6.5
        D:6 |     826 |     489 |  37.2 |      25 |       5 |  16.7
        D:7 |    1428 |     683 |  32.4 |      37 |       3 |   7.5
        D:8 |    1529 |     427 |  21.8 |      36 |       3 |   7.7
        D:9 |    1128 |       0 |   0.0 |       8 |       0 |   0.0
            +---------+---------+-------+---------+---------+-------
